 Dungeon Crawl Stone Soup version 0.23.2-40-g277498a001 (webtiles) character file.

Game seed: 13658795627593410820

1117112 Amplified the Archmage (level 27, -18/249 HPs)
             Began as a Mummy Fighter on Sept 10, 2019.
             Was an Initiate of Gozag.
             Demolished by a bennu (20 damage)
             ... on level 2 of the Tomb of the Ancients on Sept 12, 2019.
             The game lasted 04:43:30 (128795 turns).

Amplified the Archmage (Mummy Fighter)            Turns: 128795, Time: 04:43:30

Health: -18/249    AC: 29    Str: 25 (26) XL:     27
Magic:  2/54       EV: 31    Int: 20      God:    Gozag
Gold:   353        SH: 15    Dex: 21 (22) Spells: 31/80 levels left

rFire    + + +     SeeInvis +   M - +8 scimitar "Beetlebane" {slice, rF+ MR+ Int+2}
rCold    + + +     Gourm    .   v - +0 shield of Prudence {rC+ Dex+5}
rNeg     + + +     Faith    .   T - +4 ring mail "Mirecarph" {rPois rF+++ rC- Str-3}
rPois    ∞         Spirit   .   X - +2 helmet {Int+3}
rElec    +         Reflect  .   V - +2 cloak of the Thief {+Fog Slay-2 SInv Stlth+}
rCorr    +         Harm     .   e - +3 pair of gauntlets of War {Slay+5}
MR       +++++                  C - +2 pair of boots {Stlth+}
Stlth    ++........             R - necklace of Bloodlust {*Rage +Rage MR++ Int-3 Slay+6 *Curse} (curse)
HPRegen  0.51/turn              D - ring "Builulah" {rF+ rC+ EV+2}
MPRegen  0.34/turn              c - ring of the Cricket {rCorr rElec rC+ rN+ Str+3}

@: mighty, agile, resistant, marked, gold aura, contaminated, slowed, glowing,
studying Hexes, deflect missiles, very slow
A: no food or potions, fire vulnerability, cold resistance 1, negative energy
resistance 3, torment resistance, unbreathing, in touch with death 2
}: 10/15 runes: decaying, slimy, silver, abyssal, demonic, glowing, magical,
fiery, dark, gossamer
a: Potion Petition, Call Merchant, Bribe Branch, Renounce Religion, Evoke Fog


You were on level 2 of the Tomb of the Ancients.
You worshipped Gozag.
Gozag was aware of your devotion.
You were not hungry.

You visited 15 branches of the dungeon, and saw 64 of its levels.
You visited Pandemonium 2 times, and saw 19 of its levels.
You visited the Abyss 10 times.
You visited 1 bazaar.
You also visited: Ossuary and Wizlab.

You collected 57338 gold pieces.
You spent 12969 gold pieces at shops.
You paid 44016 gold pieces to Gozag.

Inventory:

Hand Weapons
 k - the +10 scimitar of Descent {venom, Dex+5}
   (You took it off a deep elf high priest on level 3 of the Elven Halls)

   It poisons the flesh of those it strikes.
   It affects your dexterity (+5).
 o - the +8 long sword of Taxation {speed, rF+ MP-9 Str+2 Dex+7}
   (You acquired it on level 4 of the Dungeon)

   Attacks with this weapon are significantly faster.
   It affects your strength (+2).
   It affects your dexterity (+7).
   It protects you from fire.
   It affects your magic capacity (-9).
 M - the +8 scimitar "Beetlebane" (weapon) {slice, rF+ MR+ Int+2}
   (You found it on level 14 of the Dungeon)

   It inflicts extra damage upon your enemies.
   It affects your intelligence (+2).
   It protects you from fire.
   It affects your resistance to hostile enchantments.
 Z - the +6 sword of Cerebov {flame}
   (You took it off Cerebov in Pandemonium)

   It has been specially enchanted to burn those struck by it, causing extra
   injury to most foes and up to half again as much damage against particularly
   susceptible opponents.
   Big, fiery blades are also staple armaments of hydra-hunters.
Armour
 b - the +0 Maxwell's etheric cage {RegenMP+ *Contam rElec MP+4}
   (You bought it in a shop on level 2 of the Elven Halls)

   It insulates you from electricity.
   It affects your magic capacity (+4).
   It causes magical contamination when unequipped.
 e - the +3 pair of gauntlets of War (worn) {Slay+5}
   (You bought it in a shop on level 2 of the Elven Halls)

   It affects your accuracy and damage with ranged weapons and melee attacks
   (+5).
 v - the +0 shield of Prudence (worn) {rC+ Dex+5}
   (You bought it in a shop on level 14 of the Dungeon)

   It affects your dexterity (+5).
   It protects you from cold.
 y - the +7 chain mail of the Bulwark {MR++ Int-5 Slay+5}
   (You found it in Pandemonium)

   It affects your intelligence (-5).
   It affects your accuracy and damage with ranged weapons and melee attacks
   (+5).
   It affects your resistance to hostile enchantments.
 C - a +2 pair of boots of stealth (worn)
 E - the +18 shield of the Gong {rElec rN+ MR+ EV-5}
   (You found it on level 5 of the Pits of Slime)

   It affects your evasion (-5).
   It insulates you from electricity.
   It protects you from negative energy.
   It affects your resistance to hostile enchantments.
 K - the +8 chain mail of the Chupacabra {+Inv MR+}
   (You bought it in a shop on level 13 of the Dungeon)

   It affects your resistance to hostile enchantments.
   It lets you turn invisible.
 L - the +8 scale mail of Ucatwew {rC+ Slay+3}
   (You bought it in a shop on level 13 of the Dungeon)

   It affects your accuracy and damage with ranged weapons and melee attacks
   (+3).
   It protects you from cold.
 P - the +2 hat of Palix {Int-3 Dex+3 Slay+5}
   (You found it in Pandemonium)

   It affects your intelligence (-3).
   It affects your dexterity (+3).
   It affects your accuracy and damage with ranged weapons and melee attacks
   (+5).
 T - the +4 ring mail "Mirecarph" (worn) {rPois rF+++ rC- Str-3}
   (You took it off an orc on level 5 of the Vaults)

   It affects your strength (-3).
   It renders you almost immune to fire.
   It makes you vulnerable to cold.
   It protects you from poison.
 V - the +2 cloak of the Thief (worn) {+Fog Slay-2 SInv Stlth+}
   (You bought it in a shop on level 7 of the Dungeon)

   It affects your accuracy and damage with ranged weapons and melee attacks
   (-2).
   It lets you see invisible.
   It makes you more stealthy.
 W - the cursed +0 hat of Mikhurche {rElec rN+ MR+ rCorr}
   (You found it on level 5 of the Depths)

   It insulates you from electricity.
   It protects you from negative energy.
   It affects your resistance to hostile enchantments.
   It provides partial protection from all sources of acid and corrosion.
   It has a curse placed upon it.
 X - a +2 helmet of intelligence (worn)
Jewellery
 c - the ring of the Cricket (right hand) {rCorr rElec rC+ rN+ Str+3}
   (You found it in a wizard's laboratory)

   [ring of resist corrosion]

   It affects your strength (+3).
   It protects you from cold.
   It insulates you from electricity.
   It protects you from negative energy.
 r - a +6 ring of slaying
 D - the ring "Builulah" (left hand) {rF+ rC+ EV+2}
   (You bought it in a shop in a bazaar)

   [ring of evasion]

   It affects your evasion (+2).
   It protects you from fire.
   It protects you from cold.
 G - the ring "Nyklonen" {rElec rF+ AC+5}
   (You found it on level 5 of the Vaults)

   [ring of protection]

   It affects your AC (+5).
   It protects you from fire.
   It insulates you from electricity.
 H - the ring "Paysaow" {Str+2 Int+3 Slay+4}
   (You bought it in a shop in a bazaar)

   [ring of strength]

   It affects your strength (+2).
   It affects your intelligence (+3).
   It affects your accuracy and damage with ranged weapons and melee attacks
   (+4).
 N - the amulet of the Four Winds {rN+ MR+++ Clar}
   (You bought it in a shop on level 5 of the Depths)

   [amulet of nothing]

   It protects you from negative energy.
   It affects your resistance to hostile enchantments.
   It protects you against confusion.
 Q - the ring "Utus" {rElec rC+ MP+9}
   (You found it on level 3 of the Crypt)

   [ring of magical power]

   It protects you from cold.
   It insulates you from electricity.
   It affects your magic capacity (+9).
 R - the cursed necklace of Bloodlust (around neck) {*Rage +Rage MR++ Int-3 Slay+6 *Curse}
   (You bought it in a shop on level 5 of the Depths)

   [amulet of rage]

   It affects your intelligence (-3).
   It affects your accuracy and damage with ranged weapons and melee attacks
   (+6).
   It affects your resistance to hostile enchantments.
   It lets you go berserk.
   It may make you go berserk in combat.
   It curses itself when equipped.
   It has a curse placed upon it.
 S - the ring "Emoimas" {rPois rF+ rN++ Str+4 Stlth+}
   (You took it off an orc warrior on level 5 of the Vaults)

   [ring of protection from fire]

   It affects your strength (+4).
   It protects you from fire.
   It protects you from poison.
   It greatly protects you from negative energy.
   It makes you more stealthy.
Wands
 h - a wand of paralysis (100)
 m - a wand of flame (15)
 s - a wand of enslavement (40)
 w - a wand of polymorph (55)
 B - a wand of digging (2)
 I - a wand of acid (4)
 J - a wand of iceblast (66)
 Y - a wand of disintegration (22)
Scrolls
 a - 6 scrolls of fog
 d - 44 scrolls of remove curse
 g - a scroll of magic mapping
 i - 16 scrolls of identify
 j - 18 scrolls of enchant weapon
 l - 8 scrolls of brand weapon
 p - 19 scrolls of immolation
 u - 11 scrolls of enchant armour
 x - 6 scrolls of fear
 A - 11 scrolls of amnesia
 F - 2 scrolls of silence
Books
 n - a manual of Hexes
Miscellaneous
 q - a phial of floods
 t - a lightning rod (4/4)
 z - a crystal ball of energy
 U - a fan of gales


   Skills:
 O Level 27 Fighting
 - Level 14.0 Long Blades
   Level 4.4 Maces & Flails
 - Level 19.2 Armour
 - Level 14.7 Dodging
 - Level 15.4 Shields
 O Level 27 Spellcasting
 * Level 15.5 Conjurations
 - Level 9.7 Charms
 - Level 5.2 Summonings
 - Level 13.0 Necromancy
 - Level 18.7 Translocations
 * Level 15.4 Fire Magic
 - Level 9.7 Air Magic


You had 31 spell levels left.
You knew the following spells:

 Your Spells              Type           Power        Failure   Level  Hunger
a - Deflect Missiles      Chrm/Air       ######....   4%          6    N/A
b - Silence               Hex/Air        #####.....   6%          5    N/A
c - Apportation           Tloc           ######       0%          1    N/A
d - Blink                 Tloc           N/A          0%          2    N/A
e - Borgnjor's Vile Clut  Necr/Erth      #######...   3%          5    N/A
f - Controlled Blink      Tloc           N/A          4%          8    N/A
g - Aura of Abjuration    Summ           #####.....   4%          5    N/A
h - Dispel Undead         Necr           ########     1%          5    N/A
i - Spectral Weapon       Hex/Chrm       #####...     1%          3    N/A
j - Fire Storm            Conj/Fire      ######....   95%         9    N/A

Your spell library contained the following spells:

 Spells                   Type           Power        Failure   Level  Hunger
 Animate Skeleton         Necr           N/A          0%          1    N/A
 Flame Tongue             Conj/Fire      #####        0%          1    N/A
 Magic Dart               Conj           ####         0%          1    N/A
 Pain                     Necr           ####         0%          1    N/A
 Shock                    Conj/Air       ####         0%          1    N/A
 Corpse Rot               Necr           N/A          0%          2    N/A
 Searing Ray              Conj           ######       0%          2    N/A
 Shroud of Golubria       Chrm/Tloc      ######....   0%          2    N/A
 Conjure Flame            Conj/Fire      ######..     0%          3    N/A
 Gell's Gravitas          Tloc           #######...   0%          3    N/A
 Lesser Beckoning         Tloc           #######...   0%          3    N/A
 Teleport Other           Tloc           #######.     0%          3    N/A
 Force Lance              Conj/Tloc      #######.     0%          4    N/A
 Passage of Golubria      Tloc           N/A          0%          4    N/A
 Confusing Touch          Hex            ####..       1%          1    N/A
 Corona                   Hex            ####...      1%          1    N/A
 Freeze                   Ice            ####         1%          1    N/A
 Infusion                 Chrm           ####         1%          1    N/A
 Sandblast                Erth           ####..       1%          1    N/A
 Summon Butterflies       Summ           #####...     1%          1    N/A
 Summon Small Mammal      Summ           ####         1%          1    N/A
 Call Imp                 Summ           #####...     1%          2    N/A
 Poisonous Vapours        Pois/Air       #####.       1%          2    N/A
 Song of Slaying          Chrm           ######..     1%          2    N/A
 Swiftness                Chrm/Air       ######..     1%          2    N/A
 Throw Frost              Conj/Ice       ######       1%          2    N/A
 Call Canine Familiar     Summ           #####...     1%          3    N/A
 Dazzling Spray           Conj/Hex       ######       1%          3    N/A
 Ignite Poison            Fire/Tmut/Pois #####...     1%          3    N/A
 Inner Flame              Hex/Fire       ######..     1%          3    N/A
 Mephitic Cloud           Conj/Pois/Air  ######..     1%          3    N/A
 Ozocubu's Armour         Chrm/Ice       #####...     1%          3    N/A
 Recall                   Summ/Tloc      N/A          1%          3    N/A
 Static Discharge         Conj/Air       ######..     1%          3    N/A
 Summon Guardian Golem    Hex/Summ       #####...     1%          3    N/A
 Vampiric Draining        Necr           ########..   1%          3    N/A
 Airstrike                Air            ######....   1%          4    N/A
 Animate Dead             Necr           N/A          1%          4    N/A
 Fulminant Prism          Conj/Hex       ######....   1%          4    N/A
 Iskenderun's Mystic Bla  Conj           ######..     1%          4    N/A
 Summon Lightning Spire   Summ/Air       ######..     1%          4    N/A
 Throw Icicle             Conj/Ice       ######..     1%          4    N/A
 Agony                    Necr           ########     1%          5    N/A
 Bolt of Draining         Conj/Necr      ########..   1%          5    N/A
 Bolt of Magma            Conj/Fire/Erth ######....   1%          5    N/A
 Excruciating Wounds      Chrm/Necr      ########..   1%          5    N/A
 Fireball                 Conj/Fire      ######....   1%          5    N/A
 Irradiate                Conj/Tmut      ######....   1%          5    N/A
 Iskenderun's Battlesphe  Conj/Chrm      ######..     1%          5    N/A
 Lightning Bolt           Conj/Air       ######....   1%          5    N/A
 Summon Forest            Summ/Tloc      ######....   1%          5    N/A
 Venom Bolt               Conj/Pois      ######....   1%          5    N/A
 Bolt of Fire             Conj/Fire      ######....   1%          6    N/A
 Conjure Ball Lightning   Conj/Air       ######....   1%          6    N/A
 Ensorcelled Hibernation  Hex/Ice        ####..       2%          2    N/A
 Passwall                 Tmut/Erth      ####....     2%          2    N/A
 Sticks to Snakes         Tmut           ####....     2%          2    N/A
 Orb of Destruction       Conj           ######....   2%          7    N/A
 Confuse                  Hex            ####....     4%          3    N/A
 Tukima's Dance           Hex            ####....     4%          3    N/A
 Summon Demon             Summ           #####.....   4%          5    N/A
 Summon Ice Beast         Ice/Summ       #####...     5%          4    N/A
 Freezing Cloud           Conj/Ice/Air   ######....   8%          6    N/A
 Ring of Flames           Chrm/Fire      ######....   8%          7    N/A
 Bolt of Cold             Conj/Ice       ######....   10%         6    N/A
 Iron Shot                Conj/Erth      ######....   10%         6    N/A
 Poison Arrow             Conj/Pois      ######....   10%         6    N/A
 Malign Gateway           Summ/Tloc      ######....   10%         7    N/A
 Summon Mana Viper        Hex/Summ       #####...     14%         5    N/A
 Cause Fear               Hex            ####......   16%         4    N/A
 Leda's Liquefaction      Hex/Erth       ####......   16%         4    N/A
 Petrify                  Tmut/Erth      ####....     16%         4    N/A
 Simulacrum               Ice/Necr       #######...   16%         6    N/A
 Spellforged Servitor     Conj/Summ      ######....   19%         7    N/A
 Ignition                 Fire           ######....   19%         8    N/A
 Shadow Creatures         Summ           N/A          26%         6    N/A
 Alistair's Intoxication  Tmut/Pois      ####....     38%         5    N/A
 Lee's Rapid Deconstruct  Erth           ####......   38%         5    N/A
 Metabolic Englaciation   Hex/Ice        ####......   38%         5    N/A
 Yara's Violent Unravell  Hex/Tmut       ####......   38%         5    N/A
 Infestation              Necr           ########..   43%         8    N/A
 Chain Lightning          Conj/Air       ######....   50%         8    N/A
 Monstrous Menagerie      Summ           #####.....   83%         7    N/A
 Summon Greater Demon     Summ           #####.....   83%         7    N/A
 Summon Hydra             Summ           #####.....   83%         7    N/A
 Darkness                 Hex            ####......   93%         6    N/A
 Invisibility             Hex            ####....     93%         6    N/A
 Ozocubu's Refrigeration  Ice            ####......   93%         6    N/A
 Lehudib's Crystal Spear  Conj/Erth      ######....   99%         8    N/A
 Discord                  Hex            ####......   100%        8    N/A
 Summon Horrible Things   Summ           #####.....   100%        8    N/A
 Glaciate                 Conj/Ice       ######....   100%        9    N/A
 Shatter                  Erth           ####......   100%        9    N/A
 Tornado                  Air            ######....   100%        9    N/A
 Sublimation of Blood     Necr           Unusable     N/A         2    N/A
 Beastly Appendage        Tmut           Unusable     N/A         1    N/A
 Regeneration             Chrm/Necr      Unusable     N/A         3    N/A
 Spider Form              Tmut/Pois      Unusable     N/A         3    N/A
 Ice Form                 Ice/Tmut       Unusable     N/A         4    N/A
 Blade Hands              Tmut           Unusable     N/A         5    N/A
 Hydra Form               Tmut           Unusable     N/A         6    N/A
 Statue Form              Tmut/Erth      Unusable     N/A         6    N/A
 Dragon Form              Tmut           Unusable     N/A         7    N/A

Dungeon Overview and Level Annotations

Branches:
Dungeon (15/15)            Temple (0/1) D:7            Lair (6/6) D:11
  Swamp (4/4) Lair:2       Spider (4/4) Lair:4        Slime (5/5) Lair:5
    Orc (2/2) D:12            Elf (3/3) Orc:2        Vaults (5/5) D:13
  Crypt (3/3) Vaults:2       Tomb (2/3) Crypt:3      Depths (5/5) D:15
   Hell (1/1)                 Dis (2/7) Hell            Geh (2/7) Hell
    Coc (0/7) Hell            Tar (0/7) Hell            Zot (5/5) Depths:5

Altars:
Cheibriados
Dithmenos
Fedhas
Gozag
Hepliaklqana
Kikubaaqudgha
Nemelex Xobeh
Okawaru
Sif Muna
Trog
Vehumet
Wu Jian
Xom
Yredelemnul
The Shining One
Beogh
Jiyva

Shops:
D:4 ?   D:7 [   D:8 [   D:11 (   D:13 *[   D:14 [   Orc:1 [   Orc:2 *[[[:
Elf:1 !   Elf:2 ([}*[   Lair:2 *   Lair:4 [   Vaults:1 (   Depths:1 [*
Depths:2 }==   Depths:3 (   Depths:4 =   Depths:5 *=[

Portals:
Hell: Depths:1 Depths:2 Depths:3 Depths:4 Depths:5
Abyss: Depths:4 Depths:5
Pandemonium: Depths:3
Ziggurat: Depths:2

Annotations:
D:7 Cloak for Zigg
Lair:2 Where to go?
Lair:5 exclusion: oklob plant
Spider:1 Careful for corrosion
Orc:1 Paralysi
Crypt:3 Careful with Lich.
Tomb:1 Consider
Depths:3 Hit things and try to get wiz, exclusion: orange crystal statue
Hell exclusion: ice statue
Zot:1 Get rf+
Zot:3 2 transporters


Innate Abilities, Weirdness & Mutations

You do not eat or drink.
Your flesh is vulnerable to fire.
You are immune to poison.
Your flesh is cold resistant. (rC+)
You are immune to negative energy. (rN+++)
You are immune to unholy pain and torment.
You can survive without breathing.
You are strongly in touch with the powers of death.


Message History

Your flying skull closely misses the ancient lich.
The bennu's plumage briefly flares with an otherwordly flame.
The bennu misses you. The bennu closely misses you. x2
Unknown command.
Unknown command.
Unknown command.
Unknown command.
Evoke which item? (* to show all) (? for menu, Esc to quit)
Okay, then.
Casting: Blink (safe; 0% risk of failure)
Confirm with . or Enter, or press ? or * to list all spells.
You blink.
The flying skull completely misses you.
The bennu's plumage briefly flares with an otherwordly flame.
You block the bennu's attack. The bennu claws you but does no damage.
The bennu completely misses you. You block the wight's attack.
The bennu pecks you.
* * * LOW HITPOINT WARNING * * *
The bennu sears you!!
You die...
Your body crumbles into a pile of gold.

#######8MMZ..##.....
#.Vzn.b.8MM$......^.
#Wz.SM#M8M........M.
#WMLzs#ss......##..
#..sz$#..§.s..[.# .
#MzZLs#...........
#szMss#...##.......
#zZMbz#...# .......
#§M@b.#..^. ..
###z### #.zMZZ##
#M.M.§.# #.....M#
#.$..$.# #..$...#
########


You could see 2 greater mummies, 2 emperor scorpions, an ancient lich, 3 bennus,
a mummy priest, a skeletal warrior, a mana viper, 2 guardian mummies, 3 death
scarabs, a necrophage, 5 flying skulls, 2 mummies, 2 wights, a frost giant
simulacrum, a storm dragon zombie and a frost giant zombie.

Vanquished Creatures
  Cerebov (Pan)
  the Royal Jelly (Slime:5)
  Gloorx Vloq (Pan)
  Mnoleg (Pan)
  An orb of fire (Zot:2)
  Mara (Elf:3)
  9 ancient liches
  2 juggernauts (Depths:3)
  Boris (Crypt:1)
  Sojobo (Crypt:2)
  2 greater mummies (Tomb:1)
  Margery (Crypt:1)
  Saint Roka (Crypt:1)
  Geryon (Hell)
  A Killer Klown (Zot:3)
  2 curse toes
  12 golden dragons
  2 pandemonium lords (Pan)
  Jory (Crypt:1)
  11 bone dragons
  Nikola (Spider:2)
  A mutant beast (WizLab)
  A profane servitor (Abyss:3)
  the Enchantress (Depths:3)
  3 Tzitzimimeh (Pan)
  8 Brimstone Fiends (Pan)
  Rupert (D:12)
  23 tentacled monstrosities
  2 Hell Sentinels (Pan)
  2 Ice Fiends (Pan)
  20 liches
  5 titans (Vaults:5)
  A deep elf master archer (Elf:3)
  2 deep elf blademasters (Elf:3)
  8 quicksilver dragons
  25 acid blobs
  6 sphinxes
  7 death cobs
  4 thorn hunters
  A kraken (Abyss:1)
  Frances (D:14)
  19 tengu reavers
  30 Executioners
  40 tentacled starspawn
  6 ancient champions
  An eldritch tentacle (Geh:1)
  8 draconian monks
  5 daevas
  12 shadow dragons
  23 storm dragons
  5 revenants
  7 blood saints (Pan)
  6 warmongers (Pan)
  11 fire giants
  11 frost giants
  9 draconian knights
  4 ghost moths
  12 azure jellies
  3 iron dragons
  7 emperor scorpions
  17 vault wardens
  4 draconian scorchers
  8 deep elf sorcerers
  Aizul (Vaults:1)
  6 draconian shifters
  Louise (Depths:4)
  A juggernaut zombie (Depths:4)
  26 balrugs
  7 draconian annihilators
  17 stone giants
  22 reapers
  35 cacodemons
  4 draconian stormcallers
  31 very ugly things
  The ghost of Atelerd the Destroyer, a journeyman OpWz of Sif Muna (D:15)
  6 deep elf elementalists
  The ghost of Maodecw the Swashbuckler, an adept VSGl of Uskayaw (Depths:5)
  13 ironheart preservers
  A caustic shrike skeleton (Depths:4)
  3 spriggan defenders (Depths:3)
  4 curse skulls
  9 green draconians
  3 ghouls
  5 entropy weavers
  5 war gargoyles
  11 black suns (Pan)
  Nessos (D:12)
  9 purple draconians
  16 lorocyprocas
  4 deep elf demonologists
  6 black draconians
  15 deep elf annihilators
  3 corrupters (Pan)
  11 yellow draconians
  A spark wasp (shapeshifter) (D:13)
  17 red draconians
  13 white draconians
  17 blizzard demons
  9 eidola
  9 spark wasps
  11 deep elf death magi
  9 death oozes
  4 mummy priests
  22 yaktaur captains
  15 ettins
  11 jiangshi
  10 fire dragons
  A merfolk javelineer (Depths:3)
  A quicksilver dragon zombie (Geh:1)
  3 merfolk impalers
  13 great orbs of eyes
  16 green deaths
  10 deep elf high priests
  16 ogre magi
  6 monstrous demonspawn (Pan)
  18 rakshasas
  32 vault guards
  18 ice dragons
  A quicksilver dragon skeleton (Geh:2)
  5 spriggan air magi
  14 hydras
  Harold (Lair:2)
  2 naga warriors (Abyss:3)
  5 shambling mangroves
  A hell beast (Pan)
  Erica (Lair:2)
  A ghost crab (Swamp:3)
  A catoblepas (Lair:6)
  7 death knights
  21 centaur warriors
  25 death scarabs
  41 two-headed ogres
  A queen ant (shapeshifter) (Abyss:5)
  21 alligators
  9 tengu warriors
  4 deep troll earth magi
  15 hell hogs
  5 deep troll shamans
  6 holy swine (Pan)
  32 thrashing horrors
  156 large abominations
  2 spriggan berserkers
  10 vampire magi
  A shock serpent (shapeshifter) (Vaults:1)
  57 sun demons
  3 storm dragon zombies
  37 wretched stars
  42 soul eaters
  35 hell knights
  5 iron golems
  24 deep elf knights
  A titan skeleton (Pan)
  43 skeletal warriors
  12 iron trolls
  9 torturous demonspawn (Pan)
  2 storm dragon skeletons
  8 spatial maelstroms
  19 deep trolls
  53 sixfirhies
  2 ghost moth zombies
  4 golden dragon zombies
  4 infernal demonspawn (Pan)
  An unseen horror (shapeshifter) (WizLab)
  6 gelid demonspawn (Pan)
  14 shadow wraiths
  4 spriggan druids
  A deep troll (shapeshifter) (WizLab)
  9 flayed ghosts
  2 swamp dragons
  15 glowing orange brains
  14 shadow demons
  A swamp dragon (shapeshifter) (Vaults:5)
  A glowing orange brain (shapeshifter) (D:13)
  10 deep elf archers
  13 unseen horrors
  A golden dragon skeleton (Abyss:2)
  An anaconda zombie (Dis:2)
  A wolf spider zombie (Abyss:1)
  175 starcursed masses
  2 harpies (shapeshifter)
  17 necromancers
  15 ironbrand convokers
  35 wolf spiders
  3 anaconda skeletons
  11 wizards
  8 orc knights
  9 phantasmal warriors
  A frost giant zombie (Dis:2)
  3 shadow dragon skeletons
  47 deep elf magi
  A stone giant zombie (Abyss:2)
  2 sphinx skeletons
  A salamander (shapeshifter) (Elf:1)
  A fire giant zombie (Vaults:4)
  A shining eye (shapeshifter) (WizLab)
  2 tengu skeletons
  17 orb spiders
  3 manticores
  3 orc sorcerers
  38 moths of wrath
  5 shining eyes
  5 stone giant skeletons
  67 ugly things
  2 cyclopes (shapeshifter) (WizLab)
  3 salamanders (Abyss:1)
  2 iron dragon skeletons
  19 elephants
  8 cyclopes
  A guardian serpent (shapeshifter) (WizLab)
  24 worldbinders
  A dire elephant zombie (Abyss:1)
  25 rust devils
  2 fire giant skeletons
  2 molten gargoyles (Depths:2)
  13 apocalypse crabs
  2 frost giant skeletons (Vaults:2)
  8 human skeletons
  A water nymph (Abyss:3)
  A gargoyle (D:15)
  13 vault sentinels
  An orc skeleton (Vaults:2)
  7 guardian serpents
  2 torpor snails
  12 black mambas
  6 eyes of devastation
  A spriggan skeleton (Depths:3)
  4 naga magi (Abyss:1)
  73 smoke demons
  An eye of devastation (shapeshifter) (WizLab)
  7 kobold demonologists
  55 orange demons
  7 centaur skeletons
  24 spiny frogs
  A spiny frog (shapeshifter) (WizLab)
  38 demonic crawlers
  An emperor scorpion zombie (Abyss:1)
  15 efreet
  A pale draconian zombie (Crypt:3)
  42 yaktaurs
  5 rime drakes
  11 hellions
  10 tormentors
  2 komodo dragons (shapeshifter)
  A shock serpent skeleton (Geh:1)
  16 freezing wraiths
  8 ice devils
  2 anaconda simulacra
  9 guardian mummies
  A red draconian zombie (Crypt:1)
  3 tengu conjurers
  12 komodo dragons
  35 hellwings
  4 hydra zombies
  2 jumping spiders (shapeshifter)
  A redback zombie (D:14)
  A sea snake zombie (Crypt:1)
  A white draconian skeleton (Crypt:3)
  33 ancient zymes
  42 red devils
  2 catoblepas skeletons
  5 polar bears (Lair:5)
  23 trolls
  3 wind drakes (Depths:2)
  2 yaktaur skeletons
  2 hornets (shapeshifter) (WizLab)
  A green draconian skeleton (Crypt:1)
  25 jumping spiders
  26 hornets
  2 meliai (shapeshifter)
  A troll (shapeshifter) (WizLab)
  19 tyrant leeches
  A wind drake (shapeshifter) (WizLab)
  A wolf spider simulacrum (Abyss:1)
  Prince Ribbit (D:9)
  3 hydra skeletons
  8 bog bodies
  An ettin zombie (Dis:2)
  An ice dragon zombie (Abyss:1)
  2 sphinx simulacra
  88 raiju
  A snapping turtle (shapeshifter) (Depths:5)
  A raiju (shapeshifter) (Depths:2)
  87 slime creatures
  2 fire dragon zombies
  31 blink frogs
  2 dream sheep (shapeshifter) (WizLab)
  9 hippogriffs
  2 hippogriffs (shapeshifter)
  2 frost giant simulacra
  A fire dragon skeleton (Abyss:1)
  2 spriggans (shapeshifter)
  A guardian serpent skeleton (Crypt:1)
  16 flying skulls
  A centaur simulacrum (D:14)
  A black mamba zombie (Abyss:1)
  8 spriggans
  4 alligator skeletons
  21 shadows
  83 redbacks
  8 air elementals
  A wyvern (shapeshifter) (Vaults:5)
  A dire elephant simulacrum (Abyss:1)
  2 ettin skeletons
  28 yaks
  58 ynoxinuls
  11 wyverns
  2 ushabtiu (Tomb:1)
  An ice dragon skeleton (Geh:1)
  6 vampires
  14 golden eyes
  18 wraiths
  The ghost of Name63 the Skirmisher, an amateur GnWn (D:3)
  44 tarantellas
  15 fire bats
  19 water elementals
  8 fire elementals
  A golden eye (shapeshifter) (WizLab)
  A hog (shapeshifter) (WizLab)
  4 hungry ghosts
  3 basilisks
  60 chaos spawn
  3 black mamba skeletons
  5 wargs
  7 swamp worm simulacra (Swamp:4)
  4 basilisks (shapeshifter)
  46 neqoxecs
  7 spatial vortices
  3 steam dragons
  9 nagas
  22 vampire mosquitoes
  13 swamp worms
  13 insubstantial wisps
  An acid dragon (D:14)
  2 harpy simulacra (Abyss:1)
  2 soldier ants
  3 soldier ants (shapeshifter) (WizLab)
  A spiny frog zombie (Hell)
  87 small abominations
  15 water moccasins
  Duvessa (D:5)
  A porcupine (shapeshifter) (Vaults:5)
  7 porcupines
  5 ice beasts
  6 floating eyes
  2 ogre skeletons (Vaults:1)
  58 hell hounds
  2 floating eyes (shapeshifter)
  17 hydra simulacra
  6 sky beasts
  A snapping turtle zombie (Abyss:1)
  10 swamp drakes
  A swamp drake (shapeshifter) (Depths:5)
  2 black bears (D:11)
  2 black bears (shapeshifter) (WizLab)
  An elf zombie (Vaults:4)
  A hornet zombie (D:6)
  27 orc warriors
  3 phantoms
  An ettin simulacrum (Vaults:2)
  6 necrophages
  61 ogres
  21 wolves
  14 eyes of draining
  A hog zombie (Crypt:1)
  A manticore skeleton (Pan)
  A boggart (shapeshifter) (Abyss:1)
  7 centaurs
  2 elf skeletons
  10 boggarts
  2 manticore zombies
  A swamp dragon skeleton (Pan)
  15 crocodiles
  8 big kobolds
  12 bullfrogs
  A wyvern zombie (Crypt:2)
  6 earth elementals
  Dowan (D:5)
  2 glowing shapeshifter simulacra
  2 spiny frog simulacra (Hell)
  A wyvern skeleton (D:11)
  5 scorpions
  An elf simulacrum (Vaults:4)
  A scorpion (shapeshifter) (WizLab)
  12 killer bees
  39 wights
  7 electric eels
  A wolf zombie (Crypt:2)
  A raiju skeleton (Crypt:2)
  2 howler monkeys
  14 crimson imps
  3 centaur zombies
  6 hounds
  A bullfrog zombie (D:5)
  5 jellies
  22 orc priests
  15 quasits
  3 bullfrog skeletons
  15 orc wizards
  28 iron imps
  Terence (D:2)
  6 worker ants
  5 iguanas
  A worker ant (shapeshifter) (Vaults:5)
  2 hell rats (Lair:1)
  2 killer bee zombies
  An ogre zombie (Crypt:2)
  A big kobold zombie (Ossuary)
  4 hound zombies
  3 human simulacra
  2 crocodile skeletons
  33 mummies
  2 worker ant zombies
  11 gnolls
  A howler monkey skeleton (D:4)
  18 adders
  4 river rats
  6 shadow imps
  12 white imps
  A swamp drake simulacrum (Swamp:4)
  15 ufetubi
  An ooze (D:2)
  An adder zombie (D:9)
  An adder skeleton (D:4)
  2 worms (D:4)
  5 ball lightnings (Pan)
  A dart slug (D:2)
  8 leopard geckos
  68 orcs
  A bat (shapeshifter) (Vaults:5)
  2 bat zombies
  5 giant cockroaches
  3 gnoll zombies
  2 goblins
  7 hobgoblins
  16 jackals
  4 quokkas
  7 bats
  5 frilled lizards
  A frilled lizard skeleton (Crypt:1)
  A frilled lizard zombie (Crypt:3)
  A goblin skeleton (Crypt:3)
  A hobgoblin zombie (Ossuary)
  A jackal skeleton (D:8)
  35 kobolds
  A kobold skeleton (Crypt:2)
  2 kobold zombies (Ossuary)
  2 orc zombies (Ossuary)
  A quokka zombie (D:5)
  16 rats
  A rat zombie (D:5)
  A river rat skeleton (Crypt:3)
  A butterfly (Lair:3)
  4 fire vortices
  3 lurking horrors
  A plant (Lair:5)
  40 starspawn tentacles
  5 tentacles (Abyss:1)
4861 creatures vanquished.

Vanquished Creatures (collateral kills)
  A pandemonium lord (Pan)
  A juggernaut (Depths:3)
  A storm dragon (Depths:3)
  A spriggan defender (Depths:3)
  A jiangshi (Abyss:5)
  A spriggan air mage (Depths:3)
  A wolf spider (Lair:6)
  A raiju (Abyss:5)
  A redback (Lair:6)
  4 spriggans
  An eye of draining (Abyss:5)
  2 wolves (Lair:6)
  An adder (D:10)
17 creatures vanquished.

Vanquished Creatures (others)
  2 eldritch tentacles (Pan)
  2 deep elf master archers (Elf:3)
  An azure jelly (Swamp:4)
  A warmonger (Pan)
  A green draconian (Zot:4)
  2 stone giants
  2 merfolk javelineers (Depths:3)
  A blizzard demon (Pan)
  A yaktaur captain (Vaults:4)
  33 dancing weapons
  A hell hog (Geh:1)
  A sun demon (Abyss:1)
  A shadow wraith (Vaults:4)
  A gelid demonspawn (Pan)
  2 deep elf archers
  A smoke demon (Pan)
  A molten gargoyle (Depths:2)
  8 yaktaurs
  3 hornets (Swamp:4)
  A redback (Spider:4)
  4 spriggans
  A ynoxinul (Pan)
  Grum (D:8)
  A chaos spawn (Abyss:5)
  A neqoxec (Pan)
  A water moccasin (Lair:6)
  An orc warrior (D:15)
  A starcursed mass (Abyss:1)
  A centaur (D:14)
  2 ogres
  4 small abominations
  A wight (Geh:1)
  A human simulacrum (D:9)
  24 ball lightnings (Pan)
  2 fire vortices (Pan)
  22 fungi
  8 lurking horrors
  68 plants
  50 spectral weapons
  83 starspawn tentacles
  7 tentacles (Abyss:1)
350 creatures vanquished.

Grand Total: 5228 creatures vanquished

Notes
Turn   | Place    | Note
-------+----------+-------------------------------------------
     0 | D:1      | Amplified the Mummy Fighter began the quest for the Orb.
     0 | D:1      | Reached XP level 1. HP: 18/18 MP: 1/1
   411 | D:1      | Reached XP level 2. HP: 13/24 MP: 2/2
  1356 | D:2      | Reached XP level 3. HP: 26/29 MP: 3/3
  1376 | D:2      | Noticed Terence
  1531 | D:3      | Found a radiant altar of Vehumet.
  1805 | D:3      | Found a shimmering altar of Xom.
  1828 | D:3      | Found a runed translucent door.
  1855 | D:3      | Reached XP level 4. HP: 35/37 MP: 4/4
  1872 | D:3      | Noticed Name63's ghost (amateur GnWn)
  1872 | D:3      | Noticed a bullfrog
  1917 | D:3      | Found a glowing golden altar of the Shining One.
  1952 | D:3      | Found a runed translucent door.
  2169 | D:3      | Found a blossoming altar of Fedhas.
  2175 | D:3      | Found a hazy altar of Hepliaklqana.
  2361 | D:2      | Killed Terence
  2572 | D:2      | Found a basalt altar of Yredelemnul.
  3134 | D:4      | Found an opulent altar of Gozag.
  3155 | D:4      | Became a worshipper of Gozag Ym Sagoz the Greedy
  3179 | D:4      | Reached XP level 5. HP: 39/42 MP: 5/5
  3405 | D:4      | Found Reilaxon's Magic Scroll Emporium.
  3906 | D:4      | Reached XP level 6. HP: 24/49 MP: 6/6
  4180 | D:4      | Noticed a moth of wrath
  4183 | D:4      | Found a bloodstained altar of Trog.
  4316 | D:5      | Entered Level 5 of the Dungeon
  4454 | D:5      | Found a sand-covered staircase.
  4464 | Ossuary  | Entered an ossuary
  4748 | Ossuary  | Reached skill level 5 in Fighting
  5186 | D:5      | Found an ornate altar of the Wu Jian Council.
  5239 | D:5      | Noticed Duvessa
  5240 | D:5      | Noticed Dowan
  5251 | D:5      | Killed Duvessa
  5251 | D:5      | Reached XP level 7. HP: 54/56 MP: 7/7
  5262 | D:5      | Killed Dowan
  5918 | D:4      | Bought a scroll of acquirement for 572 gold pieces
  5923 | D:4      | Got a brightly glowing long sword
  5924 | D:4      | Identified the +8 long sword of Taxation {speed, rF+ MP-9
                  | Str+2 Dex+7} (You acquired it on level 4 of the Dungeon)
  6182 | D:6      | Reached skill level 1 in Long Blades
  6190 | D:6      | Reached XP level 8. HP: 58/64 MP: 0/8
  6294 | D:6      | Found a sparkling altar of Nemelex Xobeh.
  6973 | D:7      | Found a staircase to the Ecumenical Temple.
  7245 | D:7      | Found Leedobee's Armour Boutique.
  7296 | D:7      | Found an ancient bone altar of Kikubaaqudgha.
  7466 | D:8      | Reached XP level 9. HP: 61/71 MP: 0/9
  7498 | D:8      | Noticed Grum
  7640 | D:8      | Found a deep blue altar of Sif Muna.
  7733 | D:8      | Your ally died
  7745 | D:8      | Reached skill level 5 in Armour
  7745 | D:8      | Reached skill level 5 in Shields
  8301 | D:9      | Reached skill level 5 in Long Blades
  8708 | D:9      | Found a snail-covered altar of Cheibriados.
  8740 | D:9      | Noticed Prince Ribbit
  8750 | D:9      | Killed Prince Ribbit
  9187 | D:10     | Entered Level 10 of the Dungeon
  9212 | D:10     | Noticed a troll
  9468 | D:10     | Reached XP level 10. HP: 73/80 MP: 10/10
  9647 | D:10     | Noticed a wizard
  9647 | D:10     | Noticed an orc sorcerer
  9649 | D:10     | Noticed an orange demon
  9735 | D:8      | Bought a dazzling ring mail for 279 gold pieces
  9745 | D:8      | Identified the +5 ring mail "Pisosext" {rF+ rN+ Regen+
                  | Str-5} (You bought it in a shop on level 8 of the Dungeon)
  9844 | D:10     | Killed a wizard
  9875 | D:10     | Killed an orc sorcerer
 10220 | D:11     | Noticed a two-headed ogre
 10252 | D:11     | Killed a two-headed ogre
 10252 | D:11     | Reached XP level 11. HP: 41/89 MP: 11/11
 10340 | D:11     | Found a staircase to the Lair.
 10722 | D:11     | Found Muitod's Weapon Emporium.
 11322 | D:8      | Bought a pair of embroidered boots for 232 gold pieces
 11322 | D:8      | Bought a distressingly furry robe for 176 gold pieces
 11322 | D:8      | Bought an ichor-stained leather armour for 217 gold pieces
 11334 | D:8      | Identified the +1 robe of the Present {+Inv rN++ Slay+3}
                  | (You bought it in a shop on level 8 of the Dungeon)
 11335 | D:8      | Identified the +2 leather armour of Midwinter {rElec} (You
                  | bought it in a shop on level 8 of the Dungeon)
 11463 | D:12     | Noticed Nessos
 11501 | Lair:1   | Entered Level 1 of the Lair of Beasts
 12217 | Lair:1   | Noticed a five-headed hydra
 12272 | Lair:2   | Reached XP level 12. HP: 57/97 MP: 12/12
 12348 | Lair:2   | Noticed Erica
 12365 | Lair:2   | Reached skill level 10 in Fighting
 12406 | Lair:2   | Killed Erica
 12559 | Lair:2   | Found a staircase to the Swamp.
 12619 | Lair:2   | Noticed an eight-headed hydra
 12646 | Lair:2   | Killed a one-headed hydra
 13138 | Lair:2   | Noticed Harold
 13152 | Lair:2   | Killed Harold
 13152 | Lair:2   | Reached skill level 10 in Long Blades
 13717 | Lair:3   | Noticed a four-headed hydra
 13726 | Lair:3   | Killed a one-headed hydra
 14832 | Lair:4   | Gained mutation: You are in touch with the powers of death.
                  | [Mummy growth]
 14832 | Lair:4   | Reached XP level 13. HP: 83/105 MP: 13/13
 14971 | Lair:4   | Found a hole to the Spider Nest.
 15684 | Lair:6   | Entered Level 6 of the Lair of Beasts
 16880 | Lair:6   | Reached XP level 14. HP: 77/114 MP: 14/14
 17894 | Lair:5   | Found a viscous altar of Jiyva.
 17894 | Lair:5   | Found a staircase to the Slime Pits.
 18773 | Lair:5   | Got an ichor-stained hand axe
 18776 | Lair:5   | Identified the +8 hand axe of the Thoughtful Tables {chop,
                  | +Fly} (You found it on level 5 of the Lair of Beasts)
 18928 | D:12     | Killed Nessos
 18928 | D:12     | Reached skill level 10 in Armour
 18928 | D:12     | Reached skill level 10 in Shields
 19193 | D:12     | Noticed Rupert
 19220 | D:12     | Found a staircase to the Orcish Mines.
 19248 | D:12     | Found a roughly hewn altar of Beogh.
 19285 | Orc:1    | Entered Level 1 of the Orcish Mines
 19624 | Orc:2    | Entered Level 2 of the Orcish Mines
 20238 | Orc:2    | Paralysed by an orc sorcerer for 7 turns
 20510 | D:13     | Bought a pitted leather armour for 245 gold pieces
 20510 | D:13     | Bought a crude great sword for 402 gold pieces
 20510 | D:13     | Identified the cursed +1 great sword of the Visionary
                  | {flame, rPois MP+9} (You bought it in a shop on level 13 of
                  | the Dungeon)
 20512 | D:13     | Identified the cursed +0 leather armour of Meabruics
                  | {rElec} (You bought it in a shop on level 13 of the
                  | Dungeon)
 20683 | D:13     | Bought a jet-encrusted ring mail for 225 gold pieces
 20683 | D:13     | Bought a distressingly furry chain mail for 237 gold pieces
 20683 | D:13     | Bought a bloodstained scale mail for 225 gold pieces
 20683 | D:13     | Identified the +5 ring mail "Vegati" {-Cast rC+ rN++ Str+4}
                  | (You bought it in a shop on level 13 of the Dungeon)
 20684 | D:13     | Identified the +8 chain mail of the Chupacabra {+Inv MR+}
                  | (You bought it in a shop on level 13 of the Dungeon)
 20685 | D:13     | Identified the +8 scale mail of Ucatwew {rC+ Slay+3} (You
                  | bought it in a shop on level 13 of the Dungeon)
 21173 | D:14     | Noticed Frances
 22144 | Orc:2    | Found a staircase to the Elven Halls.
 22158 | Orc:2    | Found Kadwic's Antique Armour Shop.
 22161 | Orc:2    | Found Qyanan's General Store.
 22177 | Orc:2    | Found Fapsaoru's Book Emporium.
 22181 | Orc:2    | Bought a pair of runed gloves for 180 gold pieces
 22200 | Orc:2    | Found Qexaerr's Armour Boutique.
 22230 | Orc:2    | Reached XP level 15. HP: 113/122 MP: 15/15
 22715 | Orc:1    | Found Mairr's Armour Shop.
 22823 | Elf:1    | Entered Level 1 of the Elven Halls
 23875 | D:13     | Found a gate to the Vaults.
 23915 | D:14     | Killed Frances
 24413 | D:15     | Entered Level 15 of the Dungeon
 25380 | D:14     | Identified Sif Muna's Grimoire of Cold and Confrontation
 25396 | D:14     | Got a bone lajatang
 25405 | D:14     | Got an ichor-stained scimitar
 25907 | D:14     | Identified the +7 lajatang "Menk" {flame, rPois rC+ Str+4}
                  | (You found it on level 14 of the Dungeon)
 26096 | D:15     | Identified the +8 scimitar "Beetlebane" {slice, rF+ MR+
                  | Int+2} (You found it on level 14 of the Dungeon)
 26212 | D:15     | Reached XP level 16. HP: 126/132 MP: 16/16
 26347 | D:15     | Found a runed translucent gate.
 26348 | D:15     | Found a runed translucent gate.
 26349 | D:15     | Found a runed translucent gate.
 26350 | D:15     | Found an iron altar of Okawaru.
 26350 | D:15     | Noticed Atelerd's ghost (journeyman OpWz)
 26672 | D:15     | Found a staircase to the Depths.
 27012 | D:14     | Bought a jewelled shield for 370 gold pieces
 27012 | D:14     | Bought a slimy helmet for 370 gold pieces
 27022 | D:14     | Identified the +2 helmet of Protective Custody {*Slow +Fly
                  | rElec} (You bought it in a shop on level 14 of the Dungeon)
 27032 | D:14     | Identified the +0 shield of Prudence {rC+ Dex+5} (You
                  | bought it in a shop on level 14 of the Dungeon)
 27251 | Elf:1    | Reached skill level 1 in Dodging
 27584 | Elf:1    | Found Mahuefon's Distillery.
 27951 | D:12     | Killed Rupert
 28179 | Spider:1 | Entered Level 1 of the Spider Nest
 28409 | Spider:1 | You fall through a shaft!
 29069 | Swamp:1  | Entered Level 1 of the Swamp
 29332 | Swamp:1  | Learned a level 6 spell: Deflect Missiles
 30088 | Swamp:1  | Learned a level 5 spell: Silence
 30892 | Swamp:2  | Noticed a thorn hunter
 30925 | Swamp:2  | Killed a thorn hunter
 31022 | Swamp:2  | Noticed a thorn hunter
 31041 | Swamp:2  | Killed a thorn hunter
 31143 | Swamp:2  | Learned a level 1 spell: Apportation
 31177 | Swamp:2  | Reached skill level 5 in Dodging
 32354 | Swamp:3  | Reached XP level 17. HP: 123/140 MP: 8/17
 33289 | Swamp:4  | Entered Level 4 of the Swamp
 34801 | Swamp:4  | Got a decaying rune of Zot
 35718 | Vaults:1 | Entered Level 1 of the Vaults
 35741 | Vaults:1 | Reached skill level 15 in Fighting
 35850 | Vaults:1 | Noticed Aizul
 35872 | Vaults:1 | Killed Aizul
 36883 | Vaults:1 | Reached skill level 15 in Shields
 36896 | Vaults:1 | Reached XP level 18. HP: 131/149 MP: 9/18
 37403 | Vaults:1 | Found Dalexonno's Weapon Emporium.
 37930 | Vaults:2 | Reached skill level 1 in Spellcasting
 38068 | Vaults:2 | Found a staircase to the Crypt.
 38468 | Vaults:2 | Reached skill level 5 in Spellcasting
 39593 | Vaults:3 | Found a flickering gateway to a bazaar.
 39608 | Bazaar   | Entered a bazaar
 39608 | Bazaar   | Found Seogroil's General Store.
 39618 | Bazaar   | Found Xaariddu's Assorted Antiques.
 39626 | Bazaar   | Bought a scroll of teleportation for 93 gold pieces
 39626 | Bazaar   | Bought a scroll of enchant weapon for 232 gold pieces
 39640 | Bazaar   | Found Ustus's General Store.
 39650 | Bazaar   | Found Xoanis's Jewellery Shoppe.
 39654 | Bazaar   | Found Daetowke's Food Boutique.
 39658 | Bazaar   | Bought the ring "Builulah" {rF+ rC+ EV+2} for 372 gold
                  | pieces
 39658 | Bazaar   | Bought the ring "Paysaow" {Str+2 Int+3 Slay+4} for 451 gold
                  | pieces
 39658 | Bazaar   | Bought an uncursed ring of resist corrosion for 240 gold
                  | pieces
 39699 | Bazaar   | Bought an agate ring for 155 gold pieces
 41112 | Vaults:3 | Reached XP level 19. HP: 159/159 MP: 23/32
 41595 | Vaults:4 | Reached skill level 10 in Spellcasting
 42048 | Crypt:1  | Entered Level 1 of the Crypt
 42141 | Crypt:1  | Noticed Jory
 42247 | Crypt:1  | Found a magical portal.
 42252 | WizLab   | Entered Cigotuvi's Fleshworks
 42891 | WizLab   | Identified Cigotuvi's Tome of Unholy Transmutation
 43232 | WizLab   | Paralysed by a floating eye for 3 turns
 43296 | WizLab   | Paralysed by a floating eye for 2 turns
 43316 | WizLab   | Got an ancient ivory ring
 43880 | Crypt:2  | Identified the ring of the Cricket {rCorr rElec rC+ rN+
                  | Str+3} (You found it in a wizard's laboratory)
 44037 | Crypt:2  | Got an ancient golden ring
 44161 | Crypt:2  | Noticed Sojobo
 44396 | Crypt:3  | Entered Level 3 of the Crypt
 44418 | Crypt:3  | Noticed an ancient lich
 44459 | Crypt:2  | Identified the cursed ring "Geyll" {rPois EV-4 Int+3} (You
                  | found it on level 2 of the Crypt)
 44581 | Crypt:2  | Killed Sojobo
 45118 | Crypt:3  | Found a staircase to the Tomb.
 45118 | Crypt:3  | Found the +15 Maxwell's patent armour {-Cast -Tele rElec
                  | MR+ rCorr}
 45850 | Crypt:3  | Reached XP level 20. HP: 121/171 MP: 28/37
 46130 | Crypt:3  | Killed an ancient lich
 46148 | Crypt:3  | Noticed a curse toe
 46451 | Crypt:3  | Killed a curse toe
 46526 | Crypt:3  | Noticed an ancient lich
 46597 | Crypt:3  | Noticed an ancient lich
 46597 | Crypt:3  | Noticed an ancient lich
 46909 | Crypt:3  | Got a smoking sapphire amulet
 46909 | Crypt:3  | Got a bound lapis lazuli ring
 46909 | Crypt:3  | Got a crude silver ring
 46911 | Crypt:3  | Got a crude pewter ring
 47108 | Crypt:3  | Identified the amulet of Vymen {+Blink Regen+ Str+4} (You
                  | found it on level 3 of the Crypt)
 47111 | Crypt:3  | Identified the ring of Babion {rPois rN+ SInv} (You found
                  | it on level 3 of the Crypt)
 47114 | Crypt:3  | Identified the ring "Byptiaj" {rN+ Str+4 Dex+4 SInv} (You
                  | found it on level 3 of the Crypt)
 47117 | Crypt:3  | Identified the ring "Utus" {rElec rC+ MP+9} (You found it
                  | on level 3 of the Crypt)
 47203 | Crypt:3  | Killed an ancient lich
 47206 | Crypt:3  | Paralysed by an ancient lich for 4 turns
 47695 | Crypt:3  | Killed an ancient lich
 47716 | Crypt:3  | Paralysed by an ancient lich for 6 turns
 47747 | Crypt:3  | Killed an ancient lich
 47747 | Crypt:3  | Reached skill level 15 in Spellcasting
 47755 | Crypt:3  | Identified the Almanac of Darkness
 47821 | Crypt:1  | Noticed Margery
 47870 | Crypt:1  | Killed Margery
 48696 | Slime:1  | Entered Level 1 of the Pits of Slime
 48928 | Elf:1    | Cast into level 2 of the Abyss (a deep elf sorcerer)
 49009 | Abyss:2  | Noticed a bone dragon
 49697 | Elf:1    | Escaped the Abyss
 50858 | Elf:2    | Found Utynkug's Antique Armour Shoppe.
 50863 | Elf:2    | Found Costrargh's Antique Weapon Shop.
 50999 | Elf:2    | Found Edwai's General Store.
 51027 | Elf:2    | Bought a scroll of fog for 28 gold pieces
 51045 | Elf:2    | Bought the +3 pair of gauntlets of War {Slay+5} for 1662
                  | gold pieces
 51045 | Elf:2    | Found the +3 pair of gauntlets of War {Slay+5}
 51198 | Elf:2    | Found a huge runed translucent gate.
 51198 | Elf:2    | Found a huge runed translucent gate.
 51198 | Elf:2    | Found a huge runed translucent gate.
 51198 | Elf:2    | Found a huge runed translucent gate.
 51202 | Elf:2    | Found a huge runed translucent gate.
 51206 | Elf:2    | Reached skill level 1 in Charms
 51206 | Elf:2    | Reached skill level 1 in Air Magic
 51248 | Elf:2    | Found Ceusefurr's Armour Shop.
 51276 | Elf:2    | Found Bunaqure's Gadget Boutique.
 51367 | Elf:2    | Reached XP level 21. HP: 182/182 MP: 32/41
 51689 | Elf:3    | Entered Level 3 of the Elven Halls
 51780 | Elf:3    | Noticed Mara
 51791 | Elf:3    | Noticed Amplified's illusion
 51865 | Elf:3    | Noticed Amplified's illusion
 52117 | Elf:2    | Bought an iridescent morningstar for 189 gold pieces
 52117 | Elf:2    | Identified the +11 morningstar "Viakkut" {flame, rElec MR-
                  | MP+9} (You bought it in a shop on level 2 of the Elven
                  | Halls)
 52271 | Depths:1 | Entered Level 1 of the Depths
 52363 | Depths:1 | Found Cuyneof's General Store.
 52363 | Depths:1 | Found Reasiuq's Armour Boutique.
 52557 | Depths:1 | Found a gateway to Hell.
 52905 | Depths:2 | Paralysed by a floating eye for 3 turns
 53528 | Depths:2 | Found a gateway to a ziggurat.
 53666 | Depths:2 | Found Cost's Jewellery Shoppe.
 53667 | Depths:2 | Found Zyfulux's Gadget Boutique.
 53668 | Depths:2 | Found Saemmaiph's Jewellery Shoppe.
 54229 | Depths:3 | Got a warped scale mail
 54623 | Depths:3 | Found a one-way gate leading to the halls of Pandemonium.
 54673 | Depths:3 | Reached skill level 5 in Charms
 54673 | Depths:3 | Reached skill level 5 in Air Magic
 55226 | Depths:3 | Noticed a golden dragon
 55832 | Depths:3 | Reached XP level 22. HP: 124/190 MP: 35/44
 55857 | Depths:3 | Noticed a juggernaut
 56216 | Depths:3 | Killed a juggernaut
 56373 | Depths:4 | Noticed Louise
 57011 | Elf:3    | Noticed Amplified's illusion
 58907 | Elf:3    | Identified the +10 scimitar of Descent {venom, Dex+5}
 59530 | Elf:3    | Identified the cursed +2 spear of Crusades {protect, Int-5
                  | Dex+8}
 59797 | Elf:3    | Got a coiled gossamer ring
 59944 | Elf:3    | Identified the +3 scale mail of Mirth {*Drain rElec rPois
                  | MP+9} (You found it on level 3 of the Depths)
 59946 | Elf:3    | Identified the ring of Untruth {Fire rPois rN+ Str+4} (You
                  | found it on level 3 of the Elven Halls)
 60042 | Elf:2    | Bought the +0 Maxwell's etheric cage {RegenMP+ *Contam
                  | rElec MP+4} for 680 gold pieces
 60042 | Elf:2    | Found the +0 Maxwell's etheric cage {RegenMP+ *Contam rElec
                  | MP+4}
 60375 | Spider:1 | Found a runed translucent door.
 61142 | Spider:1 | Got an ichor-stained plate armour
 61154 | Spider:1 | Identified the +3 plate armour "Hocreihy" {rF+ MP+9} (You
                  | found it on level 1 of the Spider Nest)
 61484 | Spider:2 | Noticed Nikola
 61512 | Spider:2 | Killed Nikola
 62199 | Spider:3 | Reached XP level 23. HP: 198/198 MP: 46/46
 63369 | Spider:4 | Entered Level 4 of the Spider Nest
 64344 | Spider:4 | Got a gossamer rune of Zot
 65117 | Depths:4 | Killed Louise
 65206 | Depths:4 | Found a one-way gate to the infinite horrors of the Abyss.
 65224 | Depths:4 | Voluntarily entered the Abyss.
 66288 | Abyss:2  | Found a corrupted altar of Lugonu.
 66474 | Abyss:2  | Found a corrupted altar of Lugonu.
 66512 | Abyss:2  | Found a corrupted altar of Lugonu.
 66598 | Abyss:2  | Paralysed by accursed screaming for 1 turns
 66613 | Abyss:2  | Paralysed by accursed screaming for 2 turns
 67131 | Abyss:2  | Reached XP level 24. HP: 128/208 MP: 39/48
 68015 | Depths:4 | Escaped the Abyss
 69003 | Depths:4 | Identified the +2 long sword of Pizish {slice, *Noise Str+3
                  | Dex+5 Stlth+}
 69003 | Depths:4 | Identified the ring "Xiubaemu" {Fire *Slow MR++ Str+7}
 70098 | Depths:5 | Entered Level 5 of the Depths
 70367 | Depths:5 | Found a runed translucent gate.
 70367 | Depths:5 | Found a runed translucent gate.
 70367 | Depths:5 | Found a runed translucent gate.
 70369 | Depths:5 | Found an ancient bone altar of Kikubaaqudgha.
 70779 | Depths:5 | Found a gate to the Realm of Zot.
 71239 | Depths:3 | Noticed a juggernaut
 71756 | Vaults:4 | Reached XP level 25. HP: 152/219 MP: 50/50
 72752 | Vaults:4 | Got an ichor-stained leather armour
 72753 | Vaults:4 | Identified the +1 leather armour "Xoso" {Str+2 Dex+3} (You
                  | found it on level 4 of the Vaults)
 73353 | Vaults:5 | Entered Level 5 of the Vaults
 73398 | Vaults:5 | Reached skill level 10 in Dodging
 73460 | Vaults:5 | Got a brightly glowing jade ring
 73463 | Vaults:5 | Identified the ring "Nyklonen" {rElec rF+ AC+5} (You found
                  | it on level 5 of the Vaults)
 73994 | Vaults:5 | Identified the Compendium of Transformation and Evil Rites
 74246 | Vaults:5 | Identified the +7 great sword "Firett" {venom, MR+}
 74246 | Vaults:5 | Identified the cursed +0 robe "Itigehirhe" {rF+ rN+}
 74246 | Vaults:5 | Identified the ring "Ceblom" {-Tele rC+ Str+3 Int+3}
 74385 | Vaults:5 | Got a silver rune of Zot
 74388 | Vaults:5 | Identified the +2 pair of gloves of Veik {rF+ Dex-3 SInv}
                  | (You found it on level 5 of the Vaults)
 74449 | Vaults:5 | Identified the +4 ring mail "Mirecarph" {rPois rF+++ rC-
                  | Str-3}
 74467 | Vaults:5 | Gained mutation: You are strongly in touch with the powers
                  | of death. [Mummy growth]
 74467 | Vaults:5 | Reached XP level 26. HP: 73/226 MP: 51/51
 75075 | Vaults:5 | Got an amber-encrusted chain mail
 75076 | Vaults:5 | Identified the +6 chain mail "Wuhajel" {Str+4} (You found
                  | it on level 5 of the Vaults)
 75281 | Vaults:5 | Identified the ring "Emoimas" {rPois rF+ rN++ Str+4 Stlth+}
 75309 | Vaults:5 | Identified the cursed +1 robe of Inviolability {rElec Int-3
                  | Dex+4}
 76018 | D:14     | Bought a crude plate armour for 1092 gold pieces
 76018 | D:14     | Bought a colourful robe for 222 gold pieces
 76018 | D:14     | Bought a brightly glowing ring mail for 351 gold pieces
 76018 | D:14     | Bought a glowing helmet for 292 gold pieces
 76029 | D:14     | Identified the cursed +0 plate armour of Ongiogec {Regen+
                  | MP+9} (You bought it in a shop on level 14 of the Dungeon)
 76030 | D:14     | Identified the +3 robe of Fowimor {rElec} (You bought it in
                  | a shop on level 14 of the Dungeon)
 76032 | D:14     | Identified the +1 ring mail "Woke" {Stlth+} (You bought it
                  | in a shop on level 14 of the Dungeon)
 77662 | Slime:5  | Entered Level 5 of the Pits of Slime
 77835 | Slime:5  | Noticed the Royal Jelly
 78700 | Slime:5  | Found a viscous altar of Jiyva.
 78706 | Slime:5  | Found the +18 shield of the Gong {rElec rN+ MR+ EV-5}
 78844 | Slime:5  | Killed the Royal Jelly
 78844 | Slime:5  | Reached skill level 15 in Armour
 79093 | Slime:5  | Identified Sif Muna's Tome of Intuition
 79098 | Slime:5  | Got a pitted graven amulet
 79099 | Slime:5  | Identified the amulet of Kindness {Acrobat rN++ Str+5
                  | Dex-2} (You found it on level 5 of the Pits of Slime)
 79239 | Slime:5  | Got a scorched bronze ring
 79241 | Slime:5  | Got a slimy rune of Zot
 79249 | Slime:5  | Identified the ring "Offanic" {rElec Str+2 Dex+2 Stlth+}
                  | (You found it on level 5 of the Pits of Slime)
 79306 | Slime:5  | Learned a level 2 spell: Blink
 79741 | Depths:4 | Voluntarily entered the Abyss.
 79742 | Abyss:1  | Noticed an ancient lich
 79772 | Abyss:1  | Killed an ancient lich
 79814 | Depths:4 | Escaped the Abyss
 80162 | Depths:5 | Reached XP level 27. HP: 233/233 MP: 52/52
 80185 | Zot:1    | Entered Level 1 of the Realm of Zot
 82390 | Zot:2    | Noticed an orb of fire
 83090 | Depths:5 | Found the ring of Robustness {AC+8}
 83814 | Depths:5 | Noticed an ancient lich
 83814 | Depths:5 | Noticed an ancient lich
 83814 | Depths:5 | Noticed Maodecw's ghost (adept VSGl)
 83814 | Depths:5 | Noticed an ancient lich
 83839 | Depths:5 | Killed an ancient lich
 83839 | Depths:5 | Reached skill level 27 in Spellcasting
 83845 | Depths:5 | Killed an ancient lich
 83852 | Depths:5 | Killed an ancient lich
 83854 | Depths:5 | Killed Maodecw's ghost
 83864 | Depths:5 | Got a crude copper ring
 83870 | Depths:5 | Identified the cursed ring "Tuubai" {*Contam rC++ Dex-4
                  | Slay+3} (You found it on level 5 of the Depths)
 83872 | Depths:5 | Got a distressingly furry hat
 83878 | Depths:5 | Identified the cursed +0 hat of Mikhurche {rElec rN+ MR+
                  | rCorr} (You found it on level 5 of the Depths)
 83911 | Depths:5 | Voluntarily entered the Abyss.
 83926 | Abyss:1  | Reached skill level 1 in Necromancy
 83932 | Abyss:1  | Found a stormy altar of Qazlal.
 84296 | Abyss:1  | Identified the cursed +1 ring mail "Rol Wulo" {rPois rF++}
                  | (You found it on level 1 of the Abyss)
 84402 | Abyss:1  | Reached skill level 5 in Necromancy
 84989 | Abyss:2  | Found a corrupted altar of Lugonu.
 85029 | Abyss:3  | Found a corrupted altar of Lugonu.
 85253 | Abyss:5  | Entered Level 5 of the Abyss
 85253 | Abyss:5  | Entered Level 5 of the Abyss
 85395 | Abyss:5  | Reached skill level 10 in Necromancy
 85579 | Abyss:5  | Got an abyssal rune of Zot
 85626 | Abyss:5  | Paralysed by accursed screaming for 2 turns
 85633 | Abyss:5  | Paralysed by accursed screaming for 2 turns
 85639 | Depths:5 | Escaped the Abyss
 85902 | Hell     | Entered the Vestibule of Hell
 85902 | Hell     | Noticed Geryon
 85932 | Depths:5 | Voluntarily entered the Abyss.
 86140 | Depths:5 | Escaped the Abyss
 86143 | Depths:5 | Bought the amulet of the Four Winds {rN+ MR+++ Clar} for
                  | 878 gold pieces
 86143 | Depths:5 | Found the amulet of the Four Winds {rN+ MR+++ Clar}
 86143 | Depths:5 | Bought the cursed necklace of Bloodlust {*Rage +Rage MR++
                  | Int-3 Slay+6 *Curse} for 1384 gold pieces
 86143 | Depths:5 | Found the cursed necklace of Bloodlust {*Rage +Rage MR++
                  | Int-3 Slay+6 *Curse}
 86161 | Depths:5 | Voluntarily entered the Abyss.
 87331 | Abyss:1  | Paralysed by accursed screaming for 1 turns
 87335 | Abyss:1  | Paralysed by accursed screaming for 1 turns
 87463 | Depths:5 | Escaped the Abyss
 87740 | Depths:5 | Voluntarily entered the Abyss.
 87757 | Abyss:1  | Found a corrupted altar of Lugonu.
 88349 | Abyss:1  | Learned a level 5 spell: Borgnjor's Vile Clutch
 88349 | Abyss:1  | Found a bloodstained altar of Trog.
 88443 | Abyss:1  | Reached skill level 1 in Translocations
 88568 | Abyss:1  | Paralysed by accursed screaming for 1 turns
 88594 | Abyss:1  | Learned a level 8 spell: Controlled Blink
 88883 | Abyss:1  | Paralysed by accursed screaming for 1 turns
 88979 | Abyss:1  | Reached skill level 5 in Translocations
 90769 | Abyss:2  | Paralysed by accursed screaming for 2 turns
 90775 | Abyss:2  | Paralysed by accursed screaming for 2 turns
 90779 | Abyss:2  | Paralysed by accursed screaming for 2 turns
 90895 | Abyss:3  | Found a corrupted altar of Lugonu.
 90933 | Abyss:3  | Found a corrupted altar of Lugonu.
 91063 | Abyss:3  | Reached skill level 10 in Translocations
 91075 | Depths:5 | Escaped the Abyss
 91297 | Depths:3 | Identified the +2 faerie dragon scales {rPois rCorr Int+3}
 91297 | Depths:3 | Noticed the Enchantress
 91314 | Depths:3 | Killed the Enchantress
 91318 | Depths:3 | Noticed a juggernaut
 91365 | Depths:3 | Killed a juggernaut
 91375 | Depths:3 | Killed a juggernaut
 91396 | Depths:3 | Identified the amulet "Pyit" {RegenMP rPois rC+}
 92095 | Depths:1 | Bought the +2 helmet of Kaah {+Fly Dex+2} for 389 gold
                  | pieces
 92300 | Depths:2 | Identified the Collected Works on the Volcanoes
 92303 | Depths:2 | Identified the Handbook of the Mountains
 94059 | Crypt:1  | Killed Jory
 94127 | Crypt:1  | Noticed Saint Roka
 94147 | Crypt:1  | Killed Saint Roka
 94506 | Crypt:1  | Noticed Boris
 94533 | Crypt:1  | Killed Boris
 94725 | Tomb:1   | Entered Level 1 of the Tomb of the Ancients
 95278 | Tomb:1   | Noticed a greater mummy
 95826 | Tomb:1   | Noticed an ancient lich
 95850 | Tomb:1   | Killed an ancient lich
 95883 | Tomb:1   | Learned a level 5 spell: Aura of Abjuration
 95984 | Tomb:1   | Killed a greater mummy
 96601 | Hell     | Killed Geryon
 97186 | Hell     | Reached skill level 15 in Translocations
 97274 | Hell     | Found a gateway to the decaying netherworld of Tartarus.
 97329 | Hell     | Found a gateway to the freezing wastes of Cocytus.
 97479 | Hell     | Found a gateway to the Iron City of Dis.
 97502 | Hell     | Found a gateway to the ashen valley of Gehenna.
 97756 | Geh:1    | Entered Level 1 of Gehenna
 98948 | D:7      | Bought the +2 cloak of the Thief {+Fog Slay-2 SInv Stlth+}
                  | for 321 gold pieces
 98948 | D:7      | Found the +2 cloak of the Thief {+Fog Slay-2 SInv Stlth+}
 99519 | Zot:2    | Identified the +9 war axe of Certain Death {chop, Stlth+}
100399 | Zot:2    | Killed an orb of fire
100698 | Zot:3    | Found a transporter.
100730 | Zot:3    | Found a transporter.
101021 | Zot:5    | Entered Level 5 of the Realm of Zot
102101 | Zot:4    | Noticed an orb of fire
102468 | Zot:3    | Reached skill level 1 in Summonings
102995 | Elf:3    | Noticed Amplified's illusion
103011 | Elf:3    | Killed Mara
103308 | D:3      | Killed Name63's ghost
103614 | D:15     | Reached skill level 5 in Summonings
103623 | D:15     | Killed Atelerd's ghost
103918 | D:4      | Bought a scroll of fear for 38 gold pieces
103918 | D:4      | Bought a scroll of fog for 22 gold pieces
103918 | D:4      | Bought a scroll of teleportation for 33 gold pieces
103918 | D:4      | Bought a scroll of teleportation for 33 gold pieces
103918 | D:4      | Bought a scroll of blinking for 82 gold pieces
104273 | Dis:1    | Entered Level 1 of the Iron City of Dis
104401 | Dis:2    | Learned a level 5 spell: Dispel Undead
105027 | Dis:2    | Learned a level 3 spell: Spectral Weapon
105911 | Hell     | Learned a level 9 spell: Fire Storm
105943 | Depths:2 | Found a shadowy altar of Dithmenos.
105948 | Depths:2 | Paralysed by a floating eye for 4 turns
105958 | Depths:2 | Paralysed by a floating eye for 3 turns
105965 | Depths:2 | Paralysed by a floating eye for 3 turns
106042 | Depths:2 | Reached skill level 1 in Conjurations
106042 | Depths:2 | Reached skill level 1 in Fire Magic
106153 | Depths:4 | Voluntarily entered the Abyss.
106498 | Abyss:1  | Found a corrupted altar of Lugonu.
107728 | Abyss:3  | Found a corrupted altar of Lugonu.
107795 | Abyss:3  | Found a corrupted altar of Lugonu.
107804 | Abyss:3  | Found a corrupted altar of Lugonu.
107915 | Abyss:3  | Found a deep blue altar of Sif Muna.
107981 | Abyss:3  | Reached skill level 5 in Conjurations
107986 | Abyss:3  | Reached skill level 5 in Fire Magic
108632 | Abyss:4  | Paralysed by accursed screaming for 1 turns
108645 | Abyss:5  | Entered Level 5 of the Abyss
108856 | Depths:4 | Escaped the Abyss
109084 | Pan      | Entered Pandemonium
109404 | Pan      | Noticed Cesiocysm the pandemonium lord
109436 | Pan      | Killed Cesiocysm the pandemonium lord
109464 | Pan      | Noticed Firch the pandemonium lord
110317 | Pan      | Noticed Esiahea the pandemonium lord
110341 | Pan      | Killed Esiahea the pandemonium lord
111800 | Pan      | Found a transporter.
111825 | Pan      | Found a transporter.
112112 | Pan      | Got a sparkling lapis lazuli ring
112123 | Pan      | Identified the ring "Mytofum" {*Tele rPois} (You found it
                  | in Pandemonium)
113090 | Pan      | Identified the cursed -3 pair of gloves "Vihufoop" {rC+}
                  | (You found it in Pandemonium)
113103 | Pan      | Got a glittering jade ring
113104 | Pan      | Identified the ring "Teorail" {rC+ SInv} (You found it in
                  | Pandemonium)
113786 | Pan      | Found an exit through the horrors of the Abyss.
114205 | Pan      | Reached skill level 10 in Conjurations
114300 | Pan      | Reached skill level 10 in Fire Magic
115042 | Pan      | Entered the realm of Gloorx Vloq.
115063 | Pan      | Identified the +7 chain mail of the Bulwark {MR++ Int-5
                  | Slay+5} (You found it in Pandemonium)
115906 | Pan      | Found an exit through the horrors of the Abyss.
116369 | Pan      | Noticed Gloorx Vloq
116599 | Pan      | Killed Gloorx Vloq
116654 | Pan      | Got a dark rune of Zot
116950 | Pan      | Entered the realm of Mnoleg.
117390 | Pan      | Found an exit through the horrors of the Abyss.
118041 | Pan      | Noticed Mnoleg
118443 | Pan      | Paralysed by a floating eye for 2 turns
118478 | Pan      | Killed Mnoleg
118542 | Pan      | Got a glowing rune of Zot
118628 | Pan      | Paralysed by a floating eye for 4 turns
118635 | Pan      | Paralysed by a floating eye for 3 turns
118641 | Pan      | Paralysed by a floating eye for 2 turns
119398 | Pan      | Identified the +6 scale mail of Foolhardiness {rF++ Int-3}
                  | (You found it in Pandemonium)
119636 | Pan      | Identified the +5 chain mail "Raaf Yt Hyo" {Int+4}
119861 | Pan      | Noticed Bihoucod the pandemonium lord
119868 | Pan      | Cast into level 5 of the Abyss (Bihoucod)
119868 | Abyss:5  | Entered Level 5 of the Abyss
119894 | Pan      | Escaped the Abyss
119898 | Depths:3 | Escaped Pandemonium
120175 | Pan      | Entered Pandemonium
120671 | Pan      | Entered the realm of Lom Lobon.
121367 | Pan      | Noticed Lom Lobon
121475 | Pan      | Got a magical rune of Zot
121492 | Pan      | Entered the realm of Cerebov.
122968 | Pan      | Identified the +7 mace of Red Wine {pain, Str+6}
123142 | Pan      | Identified the +6 sword of Cerebov {flame}
123142 | Pan      | Noticed Cerebov
123205 | Pan      | Killed Cerebov
123300 | Pan      | Identified the +5 flail of Impatience {elec, rElec rC+ MR-
                  | Int+5}
123565 | Pan      | Identified the +2 hat of Palix {Int-3 Dex+3 Slay+5} (You
                  | found it in Pandemonium)
123732 | Pan      | Got a fiery rune of Zot
123830 | Pan      | Identified the +2 leather armour "Icaseom" {rPois rC+++
                  | Str+4 SInv} (You found it in Pandemonium)
123990 | Pan      | Noticed Waank the pandemonium lord
124020 | Pan      | Killed Waank the pandemonium lord
124185 | Pan      | Found an exit through the horrors of the Abyss.
124289 | Pan      | Got a demonic rune of Zot
124739 | Pan      | Found an exit through the horrors of the Abyss.
125524 | Pan      | Found an exit through the horrors of the Abyss.
125606 | Pan      | Noticed Wepnid the pandemonium lord
125952 | Pan      | Noticed Jeafis the pandemonium lord
127668 | Pan      | Noticed Umpiddix the pandemonium lord
127678 | Pan      | Found an exit through the horrors of the Abyss.
127682 | Pan      | Took an exit into the Abyss.
127682 | Abyss:1  | Escaped into the Abyss
127708 | Abyss:1  | Reached skill level 15 in Conjurations
127764 | Abyss:1  | Reached skill level 15 in Fire Magic
127813 | Abyss:1  | Reached skill level 27 in Fighting
128200 | Depths:3 | Escaped the Abyss
128657 | Tomb:1   | Noticed a greater mummy
128675 | Tomb:1   | Killed a greater mummy
128758 | Tomb:2   | Noticed a greater mummy
128781 | Tomb:2   | Noticed a greater mummy
128791 | Tomb:2   | Noticed an ancient lich
128792 | Tomb:2   | Noticed an ancient lich
128792 | Tomb:2   | Noticed a greater mummy
128794 | Tomb:2   | HP: 7/249 [death scarab (19)]
128795 | Tomb:2   | HP: 2/249 [bennu (6)]
128795 | Tomb:2   | Demolished by a bennu

Skill      XL: |  1  2  3  4  5  6  7  8  9 10 11 12 13 14 15 16 17 18 19 20 21 22 23 24 25 26 27 |
---------------+----------------------------------------------------------------------------------+-----
Maces & Flails | 2 3 4 |  4.4
Fighting       | 4 5 6 7 9 10 11 12 13 14 15 16 18 19 20 21 22 27 | 27.0
Armour         | 3 4 5 6 7 8 9 10 11 12 13 15 19 | 19.2
Shields        | 3 4 5 6 7 8 9 10 11 13 15 | 15.4
Long Blades    | 1 4 6 7 9 10 12 13 14 | 14.0
Dodging        | 5 8 11 13 14 | 14.7
Spellcasting   | 9 13 16 18 19 21 23 24 25 27 | 27.0
Charms         | 1 6 8 9 |  9.7
Air Magic      | 1 6 8 9 |  9.7
Necromancy     | 13 | 13.0
Translocations | 18 | 18.7
Summonings     | 5 |  5.2
Conjurations   | 15 | 15.5
Fire Magic     | 15 | 15.4

Action                   |  1- 3 |  4- 6 |  7- 9 | 10-12 | 13-15 | 16-18 | 19-21 | 22-24 | 25-27 || total
-------------------------+-------+-------+-------+-------+-------+-------+-------+-------+-------++-------
Melee: Flail             |   160 |       |       |       |       |       |       |       |       ||   160
       Morningstar       |       |   362 |    60 |       |       |       |       |       |       ||   422
       Long sword        |       |       |   299 |   827 |  2046 |  2362 |  2546 |   317 |   533 ||  8930
       Scimitar          |       |       |       |    13 |     8 |    50 |       |  2047 |  9439 || 11557
 Cast: Silence           |       |       |       |       |       |       |       |     9 |    12 ||    21
       Deflect Missiles  |       |       |       |       |       |       |       |     4 |    33 ||    37
       Apportation       |       |       |       |       |       |       |       |       |     2 ||     2
       Spectral Weapon   |       |       |       |       |       |       |       |       |   122 ||   122
       Controlled Blink  |       |       |       |       |       |       |       |       |    37 ||    37
       Blink             |       |       |       |       |       |       |       |       |     4 ||     4
       Aura of Abjuratio |       |       |       |       |       |       |       |       |     4 ||     4
       Dispel Undead     |       |       |       |       |       |       |       |       |     2 ||     2
Invok: Potion Petition   |       |     1 |       |       |     1 |     2 |    11 |     7 |    52 ||    74
       Call Merchant     |       |       |     1 |     1 |     3 |     1 |       |     2 |     4 ||    12
 Abil: Evoke Flight      |       |       |       |       |       |       |       |       |     2 ||     2
       Evoke Fog         |       |       |       |       |       |       |       |       |     1 ||     1
Evoke: Wand              |       |       |    11 |    11 |    21 |    21 |    16 |     9 |    55 ||   144
       Lightning rod     |       |       |       |       |     4 |     3 |     3 |       |       ||    10
       Phantom mirror    |       |       |       |       |       |       |       |       |     2 ||     2
       Phial of floods   |       |       |       |       |       |       |       |       |     1 ||     1
  Use: Scroll            |     2 |    12 |     5 |    13 |    23 |    22 |    30 |    12 |    66 ||   185
 Stab: Sleeping          |       |       |     2 |     8 |     6 |       |     3 |     1 |     3 ||    23
       Distracted        |       |       |     1 |     6 |    13 |    14 |    12 |    19 |   126 ||   191
       Paralysed         |       |       |       |     2 |     7 |     3 |       |       |       ||    12
       Confused          |       |       |       |       |     2 |     5 |       |       |       ||     7
       Petrifying        |       |       |       |       |       |       |       |     1 |       ||     1
       Invisible         |       |       |       |       |       |       |       |       |    13 ||    13
Armor: Scale mail        |    73 |   179 |    84 |     7 |    24 |   268 |   413 |   664 |   943 ||  2655
       Ring mail         |       |       |       |   188 |   282 |       |       |       |  1512 ||  1982
       Chain mail        |       |       |       |       |   216 |   207 |       |       |       ||   423
Dodge: Dodged            |    66 |   138 |    96 |   194 |   352 |   451 |   532 |   727 |  4569 ||  7125
       Deflected         |       |       |       |       |       |       |       |    31 |   272 ||   303
Block: Shield            |    91 |   186 |   164 |   342 |   975 |  1114 |  1156 |  1450 |  5588 || 11066
       Reflection        |       |       |       |       |    44 |    39 |    75 |    49 |    87 ||   294
       Rpst.: Long sword |       |       |    15 |    57 |    79 |    95 |    99 |    11 |    43 ||   399
       Scimitar          |       |       |       |       |       |     3 |       |   109 |   786 ||   898
